AoeStats
← KW_003

Arabia

510336804Analyzed
1v1 RM · 1d ago on Sep 30, 2026· 38m 16s· 2 players
Game mode
Random Map
Map size
Tiny (2 player)
Population
200
Speed
Normal
Resources
Standard
Victory
Conquest
Starting age
Dark Age
Ending age
Imperial Age
RankedLock teamsTeams togetherTeam positionsShared explorationLock speedFull tech treeHidden civsTurbo modeCheats
Victory
Defeat
🇹🇼 Huns · Taiwan
944
+17
🇺🇸 Teutons · United States
955
-17
KW_003
0:30 Loom
8:51 Feudal Age
20:12 Castle Age
19:12 Bloodlines
20:00 Scale Barding Armor
21:19 Forging
23:11 Husbandry
26:18 Chain Barding Armor
28:00 Thumb Ring
29:33 Fletching
30:33 Bodkin Arrow
32:21 Ballistics
33:00 Iron Casting
33:17 Light Cavalry
37:06 Padded Archer Armor
Unit001
7:52 Loom
9:57 Feudal Age
11:20 Double-Bit Axe
13:01 Horse Collar
18:22 Gold Mining
21:21 Castle Age
22:09 Town Watch
23:12 Wheelbarrow
23:12 Bow Saw
25:35 Pikeman
29:38 Heavy Plow
32:19 Squires
33:45 Padded Archer Armor
34:15 Stone Mining
Connection lost

Rejoining the realm…

Still unreachable

The connection could not be restored.

Session expired

The server has moved on; the page needs a fresh start.